 Dungeon Sprint DCSS version 0.22.1-1-ga44c0e56f4 (webtiles) character file.

3000000 MuseOD the Conqueror (level 25, -7/257 HPs)
             Began as a Ghoul Warper on Oct 7, 2018.
             Was the Champion of Makhleb.
             Mangled by a destroyer
             ... wielding a +9 great sword of slicing
              (212 damage)
             ... in the Dungeon (Sprint VIII: "Arena of Blood").
             The game lasted 00:01:25 (30 turns).

MuseOD the Conqueror (Ghoul Warper)                   Turns: 30, Time: 00:01:27

Health: -7/257     AC:  6    Str: 27    XL:     25   Next: 22%
Magic:  9/53       EV: 24    Int:  8    God:    Makhleb [******]
Gold:   0          SH:  0    Dex:  8    Spells: 78/78 levels left

rFire    . . .     SeeInvis .   b - +∞ Axe of Woe
rCold    + . .     Gourm    .   (shield currently unavailable)
rNeg     + + +     Faith    .   a - +0 leather armour
rPois    ∞         Spirit   .   (no helmet)
rElec    .         Reflect  .   (no cloak)
rCorr    .         Harm     .   (no gloves)
MR       +....     NoTele   +   (no boots)
Stlth    +++++++++.             (no amulet)
HPRegen  0.00/turn              (no ring)
MPRegen  0.33/turn              (no ring)

@: rotting
A: rotting body, claws 1, carnivore, cold resistance 1, negative energy
resistance 3, inhibited regeneration, torment resistance, unbreathing
a: Minor Destruction, Lesser Servant of Makhleb, Major Destruction, Greater
Servant of Makhleb, Renounce Religion


You were in the Dungeon.
You worshipped Makhleb.
Makhleb was exalted by your worship.
You were not hungry.

You visited 1 branch

Inventory:

Hand Weapons
 b - the +∞ Axe of Woe (weapon)
   (You found it in the Dungeon)
Missiles
 d - 5 tomahawks of dispersal (quivered)
Armour
 a - a +0 leather armour (worn)
Scrolls
 c - 2 scrolls of blinking
Potions
 e - a potion of curing
 g - a potion of heal wounds
 h - a potion of haste
 i - 2 potions of magic
 j - a potion of berserk rage
Comestibles
 f - a ration


   Skills:
 O Level 27 Fighting
 O Level 27 Axes
 O Level 27 Throwing
 O Level 27 Armour
 O Level 27 Dodging
 O Level 27 Stealth
 O Level 27 Unarmed Combat
 O Level 27 Spellcasting
   Level 2.6 Translocations
 O Level 27 Invocations


You had 78 spell levels left.
You didn't know any spells.
Your spell library contained the following spells:

 Spells                   Type           Power        Failure   Level  Hunger
 Blink                    Tloc           N/A          1%          2    None
 Shroud of Golubria       Chrm/Tloc      ##........   2%          2    None
 Gell's Gravitas          Tloc           ###.......   2%          3    None
 Lesser Beckoning         Tloc           ###.......   2%          3    None
 Teleport Other           Tloc           ###.....     2%          3    None
 Passage of Golubria      Tloc           N/A          10%         4    ##.....


Dungeon Overview and Level Annotations

Branches:
Dungeon (1/1)

Altars:
Makhleb

Annotations:
D The Servant


Innate Abilities, Weirdness & Mutations

Your body is rotting away.
You thrive on raw meat.
You are immune to poison.
You have sharp fingernails.
You are carnivorous and can eat meat at any time.
Your flesh is cold resistant. (rC+)
You are immune to negative energy. (rN+++)
You do not regenerate when monsters are visible.
You are immune to unholy pain and torment.
You can survive without breathing.


Message History

Makhleb accepts your kill.
You have reached level 25!
You feel stronger.
You slice the bag of meat!!
You dissect the bag of meat like a pig carcass.
You kill the bag of meat!
Makhleb accepts your kill.
You hear a shout!
A bag of meat comes into view. It is wielding a +9 war axe.
You hear a shout! x3
The Servant hits you from afar with a +9 glaive of flaming!!!
The Servant burns you!
The bag of meat shouts!
You hear a shout! x2
A bag of meat comes into view. It is wielding a +9 war axe.
You hear a shout! x2
The meat berserker rages.
You hear a shout! x3
The destroyer hits you with a +9 great sword of slicing!!!!!
Ouch! That really hurt!
You die...

##...#...
..o.###......#....
.oO#o.............
.o..oo.#...........
..ooo..o#........#... .
.....O.o.O.#.....#....
.
.....oOo#)o....###....
. #..VOooO.o.......###.
##.@@)o)O#........_..
#...)o#V......#.....
....###O.o..)....#_.<._
....
#o.o.#V))))..#.)... ...
......D.#.))...))_.. ..
#..........))....###. .
............###......
o............ #......
.............#......


You could see The Servant, an eight-headed meat hydra, 3 destroyers, 3 large
bags of meat, 5 meat berserkers and 21 bags of meat.

Vanquished Creatures
  A vampire knight (D)
  9 ogres (D)
  32 orcs (D)
42 creatures vanquished.

Notes
Turn   | Place    | Note
-------+----------+-------------------------------------------
     0 | D        | Found the +∞ Axe of Woe
     0 | D        | MuseOD the Ghoul Warper began the quest for the Orb.
     0 | D        | Reached XP level 1. HP: 17/17 MP: 2/2
     1 | D        | Noticed a bag of meat
     1 | D        | Noticed a bag of meat
     1 | D        | Noticed a bag of meat
     4 | D        | Killed a bag of meat
     4 | D        | Reached XP level 2. HP: 47/47 MP: 2/15
     4 | D        | Reached XP level 3. HP: 53/53 MP: 2/17
     4 | D        | Reached XP level 4. HP: 61/61 MP: 2/18
     4 | D        | Reached XP level 5. HP: 68/68 MP: 2/20
     4 | D        | Reached XP level 6. HP: 75/75 MP: 2/21
     4 | D        | Reached XP level 7. HP: 82/82 MP: 2/23
     4 | D        | Reached XP level 8. HP: 90/90 MP: 2/24
     4 | D        | Reached XP level 9. HP: 96/96 MP: 2/25
     4 | D        | Reached XP level 10. HP: 104/104 MP: 2/26
     4 | D        | Reached XP level 11. HP: 111/111 MP: 2/27
     4 | D        | Reached XP level 12. HP: 118/118 MP: 2/28
     4 | D        | Noticed a bag of meat
     4 | D        | Noticed a bag of meat
     5 | D        | Became a worshipper of Makhleb the Destroyer
     6 | D        | Noticed a bag of meat
     7 | D        | Killed a bag of meat
     7 | D        | Reached skill level 5 in Throwing
     7 | D        | Reached skill level 15 in Spellcasting
     7 | D        | Reached XP level 13. HP: 130/130 MP: 2/31
     8 | D        | Noticed a bag of meat
     8 | D        | Noticed a meat berserker
     8 | D        | Noticed a bag of meat
     8 | D        | Noticed a bag of meat
     8 | D        | Noticed a bag of meat
     8 | D        | Noticed a bag of meat
     8 | D        | Noticed a bag of meat
     9 | D        | Killed a bag of meat
     9 | D        | Reached * piety under Makhleb
     9 | D        | Reached skill level 5 in Armour
     9 | D        | Reached skill level 15 in Dodging
     9 | D        | Reached XP level 14. HP: 108/141 MP: 3/33
     9 | D        | Noticed a bag of meat
     9 | D        | Noticed a bag of meat
     9 | D        | Noticed a bag of meat
    10 | D        | Noticed a bag of meat
    10 | D        | Noticed a bag of meat
    11 | D        | Noticed a bag of meat
    15 | D        | Killed a meat berserker
    15 | D        | Reached skill level 10 in Axes
    15 | D        | Reached XP level 15. HP: 118/155 MP: 4/36
    15 | D        | Noticed a meat berserker
    15 | D        | Noticed a meat berserker
    16 | D        | Reached ** piety under Makhleb
    16 | D        | Reached XP level 16. HP: 167/167 MP: 5/39
    16 | D        | Reached *** piety under Makhleb
    16 | D        | Reached skill level 15 in Axes
    16 | D        | Reached XP level 17. HP: 181/181 MP: 5/41
    16 | D        | Noticed a meat berserker
    16 | D        | Noticed a meat berserker
    17 | D        | Noticed a destroyer
    17 | D        | Noticed a meat berserker
    17 | D        | Noticed a destroyer
    18 | D        | Killed a destroyer
    18 | D        | Reached XP level 18. HP: 198/198 MP: 6/44
    18 | D        | Killed a meat berserker
    18 | D        | Reached **** piety under Makhleb
    18 | D        | Reached skill level 27 in Fighting
    18 | D        | Reached skill level 10 in Throwing
    18 | D        | Reached skill level 10 in Armour
    18 | D        | Reached XP level 19. HP: 207/207 MP: 6/47
    18 | D        | Noticed a destroyer
    19 | D        | Noticed a meat berserker
    19 | D        | Noticed a meat berserker
    20 | D        | Noticed a meat berserker
    20 | D        | Reached skill level 27 in Unarmed Combat
    20 | D        | Killed a meat berserker
    20 | D        | Reached ***** piety under Makhleb
    20 | D        | Reached skill level 27 in Spellcasting
    20 | D        | Reached XP level 20. HP: 216/216 MP: 6/50
    21 | D        | Noticed a large bag of meat
    21 | D        | Noticed a large bag of meat
    21 | D        | Noticed a destroyer
    23 | D        | Killed a meat berserker
    23 | D        | Reached skill level 27 in Axes
    23 | D        | Reached skill level 15 in Armour
    23 | D        | Reached skill level 27 in Dodging
    23 | D        | Killed a meat berserker
    23 | D        | Reached XP level 21. HP: 224/224 MP: 7/51
    23 | D        | Killed a meat berserker
    23 | D        | Reached skill level 27 in Armour
    23 | D        | Noticed a meat berserker
    24 | D        | Killed a meat berserker
    24 | D        | Reached ****** piety under Makhleb
    24 | D        | Reached XP level 22. HP: 233/233 MP: 7/52
    24 | D        | Reached skill level 27 in Throwing
    24 | D        | Noticed a large bag of meat
    26 | D        | Reached XP level 23. HP: 240/240 MP: 8/53
    26 | D        | Reached skill level 27 in Stealth
    26 | D        | Reached skill level 27 in Invocations
    27 | D        | Noticed The Servant
    28 | D        | Reached XP level 24. HP: 249/249 MP: 9/53
    29 | D        | Reached XP level 25. HP: 257/257 MP: 9/53
    30 | D        | Mangled by a destroyer

Skill      XL: |  1  2  3  4  5  6  7  8  9 10 11 12 13 14 15 16 17 18 19 20 21 22 23 |
---------------+----------------------------------------------------------------------+-----
Fighting       | 14 16 17 19 21 23 26 27 | 27.0
Axes           | 4 6 7 10 12 15 18 22 26 27 | 27.0
Throwing       | 4 5 6 7 8 9 10 11 17 25 27 | 27.0
Armour         | 3 4 5 6 7 9 11 12 22 27 | 27.0
Dodging        | 12 14 15 17 18 20 22 23 25 27 | 27.0
Unarmed Combat | 14 16 18 19 21 23 24 26 27 | 27.0
Spellcasting   | 13 15 16 18 20 21 23 25 27 | 27.0
Stealth        | 25 27 | 27.0
Invocations    | 23 27 | 27.0
Translocations | |  2.6

Action                   |  1- 3 |  4- 6 |  7- 9 | 10-12 | 13-15 | 16-18 | 19-21 | 22-24 | 25-27 || total
-------------------------+-------+-------+-------+-------+-------+-------+-------+-------+-------++-------
Melee: Executioner's axe |     1 |       |       |     1 |     3 |     1 |     3 |     3 |       ||    12
Dodge: Dodged            |       |       |       |       |     2 |       |     1 |     2 |       ||     5
